 Dungeon Crawl Stone Soup version 0.18-a0-1773-gec4f98e (webtiles) character file.

175248 Makenshine the Peltast (level 17, -6/163 HPs)
             Began as a Minotaur Berserker on Apr 15, 2016.
             Was a High Priest of Trog.
             Killed from afar by a shock serpent (16 damage)
             ... with a bolt of electricity
             ... on level 3 of the Snake Pit on Apr 16, 2016.
             The game lasted 04:25:21 (29388 turns).

Makenshine the Peltast (Minotaur Berserker)        Turns: 29388, Time: 04:25:24

Health: -6/163     AC: 31    Str: 26    XL:     17   Next: 21%
Magic:  5/5        EV: 17    Int: 10    God:    Trog [*****.]
Gold:   1528       SH: 11    Dex: 18    Spells: 0 memorised, 16 levels left

rFire  + . .     SeeInvis .     H - +3 eveningstar (antimagic)
rCold  + . .     Gourm    .     w - +4 plate armour {rC+}
rNeg   + . .     Faith    .     R - +0 buckler of Bedevilment {rN+ Regen+}
rPois  +         Spirit   .     (helmet restricted)
rElec  .         Dismiss  .     T - +2 cloak
rCorr  .         Reflect  .     K - +1 pair of gloves {Dex+3}
SustAt .         Harm     .     U - +0 pair of boots
MR     +++++                    (no amulet)
Stlth  ..........               u - +5 ring of slaying
                                N - ring of Incredulity {rPois MR+ Str+4 Int+6}

@: exhausted, regenerating, slowed, very slow, almost entirely resistant to
hostile enchantments, extremely unstealthy
A: retaliatory headbutt, horns 2, talons 1, large bone plates 1, clumsy 1, fire
resistance 1, magic resistance 1, sense surroundings 1, screaming 1
a: Berserk, Trog's Hand, Brothers in Arms, Burn Spellbooks, Renounce Religion
}: 1/15 runes: decaying


You were on level 3 of the Snake Pit.
You worshipped Trog.
Trog was extremely pleased with you.
You were very hungry.

You visited 5 branches of the dungeon, and saw 30 of its levels.
You also visited: Labyrinth.

You collected 2879 gold pieces.
You spent 1351 gold pieces at shops.

Inventory:

Hand Weapons
 F - a +0 blowgun
 H - a +3 antimagic eveningstar (weapon)
 S - a +1 demon whip of freezing
 X - a +3 antimagic mace
Missiles
 t - a throwing net (quivered)
Armour
 v - a +1 ring mail of poison resistance
 w - a +4 plate armour of cold resistance (worn)
 z - a +1 chain mail of fire resistance
 I - a +2 large shield
 K - a +1 pair of gloves of dexterity (worn)
 R - the +0 buckler of Bedevilment (worn) {rN+ Regen+}
   (You found it on level 9 of the Dungeon)

   It protects you from negative energy.
   It increases your rate of regeneration.
 T - a +2 cloak (worn)
 U - a +0 pair of boots (worn)
Jewellery
 a - an uncursed ring of flight
 b - a cursed amulet of inaccuracy
 i - a +3 ring of protection
 j - an uncursed ring of resist corrosion
 u - a +5 ring of slaying (right hand)
 x - the ring of Jisan {Ice rN+ Str+4}
   (You found it on level 12 of the Dungeon)

   [ring of ice]

   It enhances your ice magic, and weakens your fire magic.
   It affects your strength (+4).
   It makes you vulnerable to fire.
   It protects you from cold.
   It protects you from negative energy.
 N - the ring of Incredulity (left hand) {rPois MR+ Str+4 Int+6}
   (You found it in a labyrinth)

   [ring of intelligence]

   It affects your strength (+4).
   It affects your intelligence (+6).
   It protects you from poison.
   It affects your resistance to hostile enchantments.
 W - an uncursed ring of protection from fire
Wands
 M - a wand of digging (9/24)
 V - a wand of disintegration (14/24)
Scrolls
 d - 3 scrolls of identify
 f - 4 scrolls of enchant weapon
 m - 2 scrolls of fear
 o - 4 scrolls of teleportation
 q - 2 scrolls of immolation
 r - 4 scrolls of recharging
 y - a scroll of blinking
 A - a scroll of holy word
 C - a scroll of acquirement
 D - 3 scrolls of magic mapping
 J - 13 scrolls of remove curse
 L - a scroll of brand weapon
 P - 3 scrolls of enchant armour
 Q - 2 scrolls of fog
Potions
 e - a potion of cure mutation
 k - 5 potions of agility
 l - a potion of cancellation
 p - a potion of flight
 B - a potion of magic {unknown}
 E - 2 potions of might
 O - 2 potions of haste
 Y - 4 potions of curing
Comestibles
 c - 20 bread rations
 g - 2 royal jellies
 h - 13 meat rations
 s - 2 beef jerkies
 G - 5 slices of pizza
 Z - 3 fruits


   Skills:
 * Level 17.7 Fighting
 - Level 15.2 Maces & Flails
 * Level 16.5 Armour
 * Level 13.5 Dodging
 * Level 18.0 Shields


You had 16 spell levels left.
You didn't know any spells.

Dungeon Overview and Level Annotations

Branches:
Dungeon (13/15)            Temple (0/1) D:4            Lair (8/8) D:9
  Swamp (4/4) Lair:6        Snake (3/4) Lair:6        Slime (0/6) Lair:7
    Orc (2/2) D:10            Elf (0/3) Orc:2
 Vaults: D:13-14

Altars:
Ashenzari
Cheibriados
Elyvilon
Gozag
Kikubaaqudgha
Nemelex Xobeh
Okawaru
Pakellas
Qazlal
Ru
Sif Muna
Trog
Vehumet
Zin
Beogh

Shops:
D:9 }   Orc:1 [   Orc:2 =!}:   Snake:1 ?

Portals:
Trove: D:12 (give 9 potions of haste)

Annotations:
D:9 exclusion: orange crystal statue
Snake:3 Kirke


Innate Abilities, Weirdness & Mutations

You reflexively headbutt those who attack you in melee.
You have a pair of horns on your head.
You have sharp toenails.
You are partially covered in large bone plates (AC +2, SH +2).
You are clumsy. (Dex -2)
Your flesh is heat resistant.
You are resistant to hostile enchantments.
You passively map a small area around you.
You occasionally shout uncontrollably at your foes.


Message History

The naga sharpshooter shoots an arrow of dispersal.
The arrow of dispersal misses you.
You hear a shout! x2
Found an escape hatch in the ceiling.
You sock the shock serpent! Your headbutt misses the shock serpent.
The shock serpent is severely wounded.
The shock serpent's electric aura discharges, shocking you!
The shock serpent shoots out a bolt of lightning at you!
The bolt of electricity hits you!
* * * LOW HITPOINT WARNING * * *
The shock serpent shoots out a bolt of lightning at you!
The bolt of electricity hits you!
* * * LOW HITPOINT WARNING * * *
Your skin crawls.
You feel resistant to hostile enchantments.
You feel slightly more hungry.
The shock serpent bites you but does no damage.
The shock serpent shoots out a bolt of lightning at you!
The bolt of electricity hits you!
You die...

#..........#..#
####..###§........
##...##.N...C......
#...##..###SN.†..#.
*,..#....##..[.###.#
#####...##N#.....##$.#.
##....#.......#....#....
##.......h.T.#..####.###.
#.......@S#h#..## ..## .
* <....#..#[.#... #.. ,,.
........##.####. #. .
..#..##.#..*** ? .. ... ,
#.#* ... ,.. #.. #. ....
,* * , # *,#..... ** , ,
.....@ * *, ...##... *
...


You could see a naga sharpshooter, a shock serpent, a hog and a friendly iron
troll (berserk).

Vanquished Creatures
  Vashnia (Snake:3)
  A bone dragon (Swamp:4)
  Nikola (Swamp:4)
  Asterion (Snake:2)
  A thorn hunter (Swamp:4)
  An orc warlord (Orc:2)
  The ghost of Mekire the Transmogrifier, a journeyman DrTm of Makhleb (Lair:5)
  A dire elephant (Lair:8)
  The ghost of chromaticdragonking the Blocker, a journeyman DsFi of Makhleb (Lair:5)
  An ettin (Orc:2)
  A minotaur (Lab)
  12 hydras
  Harold (D:11)
  7 naga warriors
  2 ghost crabs (Swamp:4)
  3 anacondas
  2 catoblepae (Lair:8)
  6 alligators
  A deep troll shaman (Lair:8)
  6 naga sharpshooters
  10 death yaks
  4 orc high priests (Orc:2)
  5 shock serpents
  Nergalle (D:11)
  The ghost of GoodGuyCap the Shield-Bearer, a novice FoFi of the Shining One (D:6)
  2 sea snakes (Snake:3)
  A salamander mystic (Snake:3)
  2 unseen horrors
  A death drake (Swamp:4)
  A shambling mangrove (Swamp:2)
  A naga ritualist (Snake:2)
  5 spriggan druids
  A swamp dragon (Swamp:2)
  3 hill giants (D:10)
  4 lindwurms (Lair:3)
  A phantasmal warrior (Swamp:4)
  4 mana vipers
  4 orc knights (Orc:2)
  5 orc sorcerers
  5 hornets
  3 oklob plants
  2 cyclopes (D:12)
  A manticore (D:12)
  A griffon (Lair:8)
  An ugly thing (D:12)
  3 salamanders
  24 elephants
  14 black mambas
  4 guardian serpents
  6 naga magi
  A gargoyle (D:10)
  3 torpor snails
  22 spiny frogs
  A swamp worm zombie (Swamp:4)
  4 rime drakes
  7 komodo dragons
  3 trolls
  3 polar bears
  4 hydra zombies (Swamp:4)
  2 two-headed ogres (Orc:2)
  4 alligator zombies (Swamp:4)
  16 slime creatures
  5 spectral swamp dragons (Swamp:4)
  26 blink frogs
  9 giant leeches
  8 bog bodies
  A boulder beetle (Lair:8)
  A shadow (Swamp:2)
  4 spriggans
  62 yaks
  A wyvern (Lair:2)
  10 vampire mosquitoes
  3 basilisks
  12 hippogriffs
  17 insubstantial wisps
  6 hungry ghosts
  11 swamp worms
  4 wargs (Orc:2)
  A mottled dragon (D:12)
  23 nagas
  17 water moccasins
  20 porcupines
  38 orc warriors
  5 sky beasts
  A black bear (Lair:8)
  An eye of draining (D:12)
  7 phantoms
  5 swamp drakes
  2 ice beasts
  2 swamp dragon zombies (Swamp:4)
  3 wasps
  10 wolves
  18 ogres
  7 centaurs
  15 crocodiles
  3 big kobolds
  2 gnoll sergeants (D:12)
  23 giant frogs
  A wyvern skeleton (D:10)
  4 scorpions
  A water moccasin skeleton (D:4)
  10 killer bees
  8 wights
  An electric eel (D:9)
  2 howler monkeys
  2 crimson imps
  2 quasits
  39 orc priests
  4 hounds
  6 jellies
  A centaur skeleton (D:8)
  A giant frog skeleton (D:9)
  15 worker ants
  16 iguanas
  24 orc wizards
  A spectral swamp drake (Swamp:4)
  34 sheep
  A hound skeleton (D:6)
  A howler monkey zombie (D:7)
  2 worker ant zombies (D:5)
  10 gnolls
  8 adders
  32 river rats
  A swamp drake zombie (Swamp:4)
  2 shadow imps
  4 oozes
  3 adder skeletons
  2 worms
  3 dart slugs
  2 giant geckos
  124 orcs
  7 bats
  5 giant cockroaches
  7 goblins
  7 hobgoblins
  10 jackals
  10 quokkas
  A ball python (D:3)
  A giant gecko skeleton (D:4)
  2 giant newts
  15 kobolds
  6 rats
  A briar patch (Swamp:4)
  A bush (Lair:8)
  4 fungi (Lair:8)
  3 plants
1071 creatures vanquished.

Vanquished Creatures (collateral kills)
  Donald (Snake:3)
  A ghost crab (Swamp:3)
  A black mamba (Snake:3)
  A slime creature (Swamp:4)
  A spectral swamp dragon (Swamp:4)
  2 bog bodies (Swamp:4)
  An insubstantial wisp (Swamp:4)
  A naga (Snake:3)
  A phantom (Swamp:4)
10 creatures vanquished.

Vanquished Creatures (others)
  A swamp dragon (Swamp:4)
  A slime creature (Swamp:4)
  An alligator zombie (Swamp:4)
  2 swamp worms
  A swamp dragon zombie (Swamp:4)
  6 briar patches (Swamp:4)
  49 fungi
  8 plants
69 creatures vanquished.

Grand Total: 1150 creatures vanquished

Notes
Turn   | Place    | Note
--------------------------------------------------------------
     0 | D:1      | Makenshine the Minotaur Berserker began the quest for the Orb.
     0 | D:1      | Reached XP level 1. HP: 19/19 MP: 0/0
   128 | D:1      | Reached XP level 2. HP: 21/27 MP: 1/1
   199 | D:1      | Reached ** piety under Trog
   585 | D:2      | Found a bloodstained altar of Trog.
   721 | D:2      | Reached XP level 3. HP: 28/33 MP: 2/2
  1276 | D:3      | Found a stormy altar of Qazlal.
  1298 | D:3      | Reached XP level 4. HP: 20/41 MP: 3/3
  1390 | D:3      | Reached *** piety under Trog
  1454 | D:3      | Found an opulent altar of Gozag.
  1749 | D:4      | Reached XP level 5. HP: 41/47 MP: 4/4
  1756 | D:4      | Reached skill level 1 in Shields
  2022 | D:4      | Reached skill level 5 in Fighting
  2022 | D:4      | Reached skill level 5 in Maces & Flails
  2022 | D:4      | Reached XP level 6. HP: 52/56 MP: 5/5
  2453 | D:4      | Reached **** piety under Trog
  2523 | D:4      | Found a sacrificial altar of Ru.
  2555 | D:4      | Found a staircase to the Ecumenical Temple.
  2731 | D:5      | Entered Level 5 of the Dungeon
  2735 | D:5      | Noticed a sky beast
  2735 | D:5      | Reached skill level 2 in Shields
  2744 | D:5      | Killed a sky beast
  2744 | D:5      | Reached skill level 5 in Dodging
  2744 | D:5      | Reached XP level 7. HP: 17/61 MP: 6/6
  2750 | D:5      | Gained mutation: You have sharp toenails. [mutagenic meat]
  3056 | D:5      | You fall through a shaft for 3 floors!
  3131 | D:8      | Reached skill level 5 in Armour
  3266 | D:8      | Reached skill level 3 in Shields
  3266 | D:8      | Reached XP level 8. HP: 70/70 MP: 7/7
  3376 | D:8      | Gained mutation: You are partially covered in large bone plates (AC +2, SH +2). [mutagenic meat]
  3381 | D:8      | Found an ancient bone altar of Kikubaaqudgha.
  3391 | D:8      | Found a radiant altar of Vehumet.
  3621 | D:8      | Reached skill level 4 in Shields
  3972 | D:8      | Reached skill level 5 in Shields
  4242 | D:8      | Reached XP level 9. HP: 78/78 MP: 8/8
  4397 | D:7      | Gained mutation: You occasionally shout uncontrollably at your foes. [potion of mutation]
  4397 | D:7      | Gained mutation: You passively map a small area around you. [potion of mutation]
  4596 | D:7      | Reached skill level 6 in Shields
  4857 | D:7      | Reached skill level 7 in Shields
  4871 | D:7      | Reached ***** piety under Trog
  4954 | D:7      | Found a radiant altar of Vehumet.
  5000 | D:7      | You fall through a shaft!
  5059 | D:7      | Noticed a death knight
  5059 | D:7      | Noticed a griffon
  5453 | D:6      | Found a snail-covered altar of Cheibriados.
  5881 | D:6      | Noticed GoodGuyCap's ghost (novice FoFi)
  5899 | D:6      | Killed GoodGuyCap's ghost
  5899 | D:6      | Reached skill level 8 in Shields
  5899 | D:6      | Reached XP level 10. HP: 68/88 MP: 9/9
  6614 | D:5      | Found a sparkling altar of Nemelex Xobeh.
  6871 | D:9      | Received a gift from Trog
  7011 | D:9      | Noticed a death yak
  7028 | D:9      | Killed a death yak
  7028 | D:9      | Reached skill level 10 in Maces & Flails
  7028 | D:9      | Reached skill level 9 in Shields
  7037 | D:9      | Found a staircase to the Lair.
  7133 | D:9      | Noticed an orange crystal statue
  7179 | D:9      | Reached skill level 10 in Shields
  7260 | D:9      | Reached XP level 11. HP: 70/95 MP: 10/10
  7268 | D:9      | Found a glowing silver altar of Zin.
  7268 | D:9      | Found a shattered altar of Ashenzari.
  7270 | D:9      | Found an iron altar of Okawaru.
  7274 | D:9      | Found an opulent altar of Gozag.
  7277 | D:9      | Found a white marble altar of Elyvilon.
  7278 | D:9      | Found an oddly glowing altar of Pakellas.
  7658 | D:9      | Found Hogeaf's Quality Used Wands.
  7875 | D:9      | Got a twisted buckler
  7886 | D:9      | Identified the cursed +0 buckler of Bedevilment {rN+ Regen+} (You found it on level 9 of the Dungeon)
  7946 | D:10     | Entered Level 10 of the Dungeon
  7979 | D:10     | Noticed a hill giant
  7991 | D:10     | Killed a hill giant
  8063 | D:10     | Noticed a hill giant
  8075 | D:10     | Killed a hill giant
  8195 | D:10     | Noticed a hill giant
  8201 | D:10     | Killed a hill giant
  8848 | D:10     | Found a staircase to the Orcish Mines.
  8867 | D:10     | Reached skill level 11 in Shields
  8878 | D:10     | Received a gift from Trog
  8936 | D:10     | Killed an unseen horror
  9492 | D:11     | Noticed Nergalle
  9496 | D:11     | Noticed a spectral orc warlord
  9501 | D:11     | Killed Nergalle
  9501 | D:11     | Reached skill level 10 in Armour
  9653 | D:11     | Noticed Harold
  9666 | D:11     | Killed Harold
  9741 | D:12     | Found a portal to a secret trove of treasure.
  9824 | D:12     | Got a slimy ivory ring
  9826 | D:12     | Identified the ring of Jisan {Ice rN+ Str+4} (You found it on level 12 of the Dungeon)
  9836 | D:12     | Noticed a red ugly thing
  9849 | D:12     | Killed a red ugly thing
  9856 | D:12     | Gained mutation: You are clumsy. (Dex -2) [mutagenic meat]
  9857 | D:12     | Gained mutation: Your flesh is heat resistant. [mutagenic meat]
  9858 | D:12     | Gained mutation: You are resistant to hostile enchantments. [mutagenic meat]
  9892 | D:12     | Reached XP level 12. HP: 99/106 MP: 3/11
  9923 | D:12     | Reached skill level 10 in Fighting
  9939 | D:12     | Noticed a seven-headed hydra
  9952 | D:12     | Killed a seven-headed hydra
 10701 | Lair:1   | Entered Level 1 of the Lair of Beasts
 10960 | Lair:1   | Received a gift from Trog
 11162 | Lair:1   | Found a deep blue altar of Sif Muna.
 11347 | Lair:1   | Noticed a four-headed hydra
 11353 | Lair:1   | Killed a four-headed hydra
 11599 | Lair:2   | Reached skill level 10 in Dodging
 11685 | Lair:2   | Noticed an eight-headed hydra
 11693 | Lair:2   | Killed an eight-headed hydra
 11698 | Lair:2   | Found a labyrinth entrance.
 11702 | Lab      | Entered a labyrinth
 11964 | Lab      | Reached skill level 12 in Shields
 12036 | Lab      | Noticed a minotaur
 12046 | Lab      | Killed a minotaur
 12051 | Lab      | Got a bound wooden ring
 12186 | Lair:2   | Reached XP level 13. HP: 107/116 MP: 4/12
 12735 | Lair:3   | Reached ****** piety under Trog
 12945 | Lair:3   | Received a gift from Trog
 12956 | Lair:3   | Identified the ring of Incredulity {rPois MR+ Str+4 Int+6} (You found it in a labyrinth)
 13113 | Lair:3   | Got a crude long sword
 13468 | Lair:4   | Received a gift from Trog
 14813 | Lair:5   | Noticed chromaticdragonking's ghost (journeyman DsFi)
 14816 | Lair:5   | Noticed Mekire's ghost (journeyman DrTm)
 14836 | Lair:5   | Killed Mekire's ghost
 14846 | Lair:5   | Killed chromaticdragonking's ghost
 14979 | Lair:5   | Reached skill level 13 in Shields
 15551 | Lair:6   | Found a staircase to the Snake Pit.
 15566 | Lair:6   | Reached skill level 15 in Maces & Flails
 15633 | Lair:6   | Found a stormy altar of Qazlal.
 15692 | Lair:6   | Found a staircase to the Swamp.
 15785 | Lair:6   | Reached XP level 14. HP: 114/126 MP: 4/13
 15791 | Lair:6   | Received a gift from Trog
 16784 | Lair:7   | Found a staircase to the Slime Pits.
 16833 | Lair:7   | Received a gift from Trog
 17549 | Lair:8   | Entered Level 8 of the Lair of Beasts
 17929 | Lair:8   | Reached skill level 14 in Shields
 18100 | Lair:8   | Received a gift from Trog
 18603 | Lair:8   | Reached XP level 15. HP: 109/139 MP: 4/14
 18979 | Lair:8   | Identified a scroll of acquirement
 19256 | Orc:1    | Entered Level 1 of the Orcish Mines
 19492 | Orc:2    | Entered Level 2 of the Orcish Mines
 19584 | Orc:2    | Received a gift from Trog
 19909 | Orc:1    | Found Hesit's Armour Shop.
 19991 | Orc:1    | Received a gift from Trog
 20350 | Orc:2    | Found Yxiloij's Gadget Boutique.
 20360 | Orc:2    | Found Curo's Book Shop.
 20384 | Orc:2    | Reached skill level 15 in Shields
 20411 | Orc:2    | Found a roughly hewn altar of Beogh.
 20421 | Orc:2    | Received a gift from Trog
 20462 | Orc:2    | Reached skill level 15 in Fighting
 20788 | Orc:2    | Noticed an orc warlord
 20812 | Orc:2    | Killed an orc warlord
 21001 | Orc:2    | Received a gift from Trog
 21052 | Orc:2    | Found Fex Puabe's Distillery.
 21161 | Orc:2    | Found a roughly hewn altar of Beogh.
 21238 | Orc:2    | Found Ettad's Jewellery Shoppe.
 21246 | Orc:2    | Bought an uncursed ring of flight for 280 gold pieces
 21491 | Orc:2    | Received a gift from Trog
 21529 | Orc:2    | Found a staircase to the Elven Halls.
 22250 | Swamp:1  | Entered Level 1 of the Swamp
 23409 | Swamp:2  | Reached skill level 15 in Armour
 23491 | Swamp:2  | Received a gift from Trog
 24199 | Swamp:3  | Received a gift from Trog
 24222 | Swamp:3  | Reached skill level 16 in Shields
 24222 | Swamp:3  | Reached XP level 16. HP: 127/151 MP: 5/15
 24469 | Swamp:4  | Entered Level 4 of the Swamp
 24484 | Swamp:4  | Noticed Nikola
 24722 | Swamp:4  | Killed Nikola
 24833 | Swamp:3  | Identified a +0 rod of shadows (14/14) (You found it on level 2 of the Orcish Mines)
 25155 | Swamp:4  | Noticed a bone dragon
 25196 | Swamp:4  | Killed a bone dragon
 25233 | Swamp:4  | Noticed a thorn hunter
 25633 | Swamp:4  | Killed a thorn hunter
 26594 | Swamp:4  | Got a decaying rune of Zot
 26721 | Swamp:2  | Reached skill level 17 in Shields
 26799 | Snake:1  | Entered Level 1 of the Snake Pit
 26821 | Snake:1  | Found Qytirgh's Magic Scroll Emporium.
 26830 | Snake:1  | Bought a scroll of blinking for 135 gold pieces
 26830 | Snake:1  | Bought a scroll of acquirement for 936 gold pieces
 27500 | Snake:1  | Received a gift from Trog
 28463 | Snake:2  | Noticed Asterion
 28470 | Snake:2  | Killed Asterion
 28733 | Snake:3  | Noticed Vashnia
 28852 | Snake:2  | Reached XP level 17. HP: 133/158 MP: 5/16
 28903 | Snake:3  | Killed Vashnia
 29009 | Snake:3  | Noticed Donald
 29019 | Snake:3  | Killed Donald
 29370 | Snake:3  | Reached skill level 18 in Shields
 29385 | Snake:3  | Noticed Kirke
 29387 | Snake:3  | HP: 7/163 [shock serpent/bolt of electricity (29)]
 29388 | Snake:3  | Killed from afar by a shock serpent

Vault maps used:
D:1:      mrwooster_arrival_statue_2
D:2:      old_standard_altar
D:3:      grunt_qazlal_clouds, first_bread, grunt_ministairs_10,
          grunt_gozag_statues
D:4:      lemuel_crystal_altar, temple_hall, serial_aquarium,
          aquarium_bridge_square, aquarium_window_fake, aquarium_window_1,
          aquarium_view_2f, aquarium_view_2d
D:5:      nemelex_xobeh_ov_fountains_minmay
D:6:      kennysheep_slug_shrine
D:7:      basic_altar, the_bakery, kennysheep_another_room, dk_vineyard_2,
          lightli_corner_chamber
D:8:      nicolae_overflow_hidden_temple, kiku_gazebo_pond_becter
D:9:      minmay_statue_hallways, minitemple, dpeg_lair_monsters, serial_bayou,
          serial_bayou_shore_b, serial_bayou_lagoon_a, serial_bayou_pond_b,
          serial_bayou_shore_b, nicolae_for_you_no_charge
D:10:     hiddenorc1_lemuel, minmay_misc_feat_chi
D:11:     uniq_nergalle, uniq_harold
D:12:     nicolae_trove_entry_diagonal, spider_trap
D:13:     serial_bayou, serial_bayou_lake_a, serial_bayou_pond_e,
          hangedman_incinerator
Lair:1:   basic_altar
Lair:2:   lab_entry_generic, grunt_megastairs_5, lemuel_fruit_tree
Lair:3:   minmay_lindwurm_lava
Lair:4:   lemuel_fruit_fields
Lair:6:   minmay_swamp_entry_worms, guppyfry_snake_entry_island, basic_altar,
          grunt_megastairs_2
Lair:7:   minmay_slime_entry_pillars, infiniplex_staircase_pool
Lair:8:   grunt_lair_end_beastmaster, eino_small_chamber_without_monster,
          disabler_island, serial_bayou_shore_b
Swamp:1:  evilmike_swamp_ruin_house_6
Swamp:2:  serial_swamp_ruin, evilmike_swamp_ruin_house_2,
          evilmike_swamp_ruin_rubble_2
Swamp:3:  evilmike_swamp_ruin_house_5, infiniplex_staircase_pool_2
Swamp:4:  swamp_pestilence, uniq_nikola
Snake:1:  serial_shops, shop_coins
Snake:2:  nrook_guardian_serpent_snake_passage, uniq_asterion
Snake:3:  st_stairs_1, guppyfry_snake_island, uniq_vashnia, uniq_wiglaf,
          uniq_kirke, uniq_donald
Orc:1:    serial_shops, nicolae_shop_temple_entry_statues_fountains
Orc:2:    pubby_orc_utopia, serial_shops
Lab:      nicolae_lab_plus, lab_hedge, nicolae_lab_statue

Skill      XL: |  1  2  3  4  5  6  7  8  9 10 11 12 13 14 15 16 17 |
---------------+----------------------------------------------------+-----
Fighting       | 4 5 6 7 8 9 11 12 14 16 17 | 17.7
Maces & Flails | 4 5 6 7 9 10 12 13 15 | 15.2
Dodging        | 3 4 5 7 8 9 10 11 12 13 | 13.5
Armour         | 3 4 5 7 8 10 11 12 14 15 16 | 16.5
Shields        | 1 2 3 5 8 10 11 12 13 14 16 17 18 | 18.0

Action                   |  1- 3 |  4- 6 |  7- 9 | 10-12 | 13-15 | 16-18 || total
-------------------------+-------+-------+-------+-------+-------+-------++-------
Melee: Mace              |    74 |    91 |       |   259 |       |   411 ||   835
       Headbutt          |    14 |    20 |    45 |   147 |   692 |   273 ||  1191
       Flail             |       |    19 |   261 |   357 |   424 |       ||  1061
       Kick              |       |       |    86 |   257 |    95 |       ||   438
       Demon whip        |       |       |       |       |  1661 |   117 ||  1778
       Eveningstar       |       |       |       |       |       |   229 ||   229
Invok: Trog's Hand       |       |     2 |     2 |     1 |     2 |     1 ||     8
       Berserk           |       |     2 |     2 |     2 |     7 |    11 ||    24
       Burn Spellbooks   |       |       |       |     1 |     5 |       ||     6
       Brothers in Arms  |       |       |       |       |     1 |     9 ||    10
 Abil: Evoke Flight      |       |       |       |       |     1 |       ||     1
  Use: Scroll            |     2 |     7 |    12 |     5 |    11 |    11 ||    48
       Potion            |       |       |     3 |     1 |     2 |     6 ||    12
 Stab: Distracted        |       |       |       |       |       |     1 ||     1
  Eat: Chunk             |     1 |     7 |    15 |    20 |    23 |       ||    66
       Bread ration      |       |       |       |     1 |       |       ||     1
       Fruit             |       |       |       |     3 |    17 |    29 ||    49
       Meat ration       |       |       |       |     1 |     1 |       ||     2
       Pizza             |       |       |       |       |     1 |       ||     1
       Beef jerky        |       |       |       |       |       |     4 ||     4
Armor: Animal skin       |     3 |       |       |       |       |       ||     3
       Ring mail         |    20 |    36 |    22 |       |    67 |       ||   145
       Chain mail        |       |       |    55 |    13 |       |       ||    68
       Plate armour      |       |       |       |   230 |   496 |   359 ||  1085
       Leather armour    |       |       |       |     6 |       |       ||     6
Dodge: Dodged            |    43 |    42 |    77 |   217 |   754 |   424 ||  1557
Block: Shield            |    18 |    37 |   153 |   138 |       |       ||   346
       Buckler           |       |       |       |   144 |   649 |   398 ||  1191
